 Dungeon Crawl Stone Soup version 0.21-a0-153-g78480df (webtiles) character file.

152083 terra52 the Bludgeoner (level 18, 0/151 HPs)
             Began as a Formicid Fighter on July 31, 2017.
             Was an Initiate of Gozag.
             Splashed by a deep elf sorcerer's acid (13 damage)
             ... on level 3 of the Elven Halls.
             The game lasted 01:30:46 (28424 turns).

terra52 the Bludgeoner (Formicid Fighter)          Turns: 28424, Time: 01:30:47

Health: 0/151      AC: 23    Str: 26    XL:     18   Next: 20%
Magic:  6/6        EV: 12    Int:  7    God:    Gozag
Gold:   1884       SH: 17    Dex: 19    Spells: 14/17 levels left

rFire    + + .     SeeInvis +   Z - +9 eveningstar of Execution {antimagic, Fragile rElec MR- Str+6}
rCold    + + .     Gourm    .   G - +2 shield {rF+}
rNeg     . . .     Faith    .   a - +4 plate armour {rF+}
rPois    .         Spirit   .   (helmet unavailable)
rElec    +         Reflect  .   q - +2 cloak
rCorr    .         Harm     .   C - +1 pair of gloves of Renusti {rC++ Stlth+}
MR       ++...                  b - +2 pair of boots {run}
Stlth    +.........             M - necklace of Bloodlust {*Rage +Rage MR++ Int-3 Slay+6 *Curse}
HPRegen  0.35/turn              j - +3 ring of slaying
MPRegen  0.10/turn              A - +4 ring of dexterity

@: corroded, gold aura, quick
A: permanent stasis, dig shafts and tunnels, four strong arms, antennae 3,
molten scales 1, sense surroundings 1, screaming 1, weak 1, wild magic 1
a: Dig, Shaft Self, Potion Petition, Call Merchant, Bribe Branch, Renounce
Religion


You were on level 3 of the Elven Halls.
You worshipped Gozag.
Gozag was most pleased with you.
You were not hungry.

You visited 7 branches of the dungeon, and saw 29 of its levels.

You collected 9890 gold pieces.
You spent 5279 gold pieces at shops.
You paid 2727 gold pieces to Gozag.

Inventory:

Hand Weapons
 o - the +8 flail "Xaovolub" {protect, MR+ Stlth+}
   (You found it on level 6 of the Dungeon)

   It protects the one who uses it against injury (+AC on strike).
   It affects your resistance to hostile enchantments.
   It makes you more stealthy.
 Z - the +9 eveningstar of Execution (weapon) {antimagic, Fragile rElec MR- Str+6}
   (You found it on level 9 of the Dungeon)

   It reduces the magical energy of the wielder, and disrupts the spells and
   magical abilities of those hit.
   Natural abilities and divine invocations are not affected.
   It affects your strength (+6).
   It insulates you from electricity.
   It affects your resistance to hostile enchantments.
   It will be destroyed if unequipped.
Missiles
 n - 14 javelins
 r - 74 tomahawks (quivered)
 D - 8 silver javelins
Armour
 a - a +4 plate armour of fire resistance (worn)
 b - a +2 pair of boots of running (worn)
 c - the +1 chain mail "Onusove" {*Drain rPois rC+++ MP+9}
   (You found it on level 6 of the Lair of Beasts)

   It renders you almost immune to cold.
   It protects you from poison.
   It affects your magic capacity (+9).
   It causes draining when unequipped.
 q - a +2 cloak (worn)
 C - the +1 pair of gloves of Renusti (worn) {rC++ Stlth+}
   (You found it on level 4 of the Lair of Beasts)

   It greatly protects you from cold.
   It makes you more stealthy.
 G - a +2 shield of fire resistance (worn)
Jewellery
 j - a +3 ring of slaying (left hand)
 A - a +4 ring of dexterity (right hand)
 B - an uncursed ring of poison resistance
 M - the necklace of Bloodlust (around neck) {*Rage +Rage MR++ Int-3 Slay+6 *Curse}
   (You bought it in a shop on level 8 of the Dungeon)

   [amulet of rage]

   It affects your intelligence (-3).
   It affects your accuracy and damage with ranged weapons and melee attacks
   (+6).
   It affects your resistance to hostile enchantments.
   It lets you go berserk.
   It may make you go berserk in combat.
   It curses itself when equipped.
 V - a cursed amulet of inaccuracy {unknown}
Wands
 i - a wand of flame (21/48)
 N - a wand of scattershot (6/9)
 X - a wand of iceblast (4/15)
Scrolls
 h - 4 scrolls of immolation
 k - a scroll of fog {unknown}
 l - 14 scrolls of remove curse
 m - 4 scrolls of enchant weapon
 p - 3 scrolls of magic mapping
 s - 3 scrolls of enchant armour
 u - 2 scrolls of torment {unknown}
 w - 6 scrolls of amnesia
 y - 5 scrolls of fear
 I - 3 scrolls of recharging
 L - 7 scrolls of identify
 U - a scroll of brand weapon {unknown}
Potions
 d - 3 potions of ambrosia
 e - 5 potions of heal wounds
 t - 6 potions of haste
 v - 6 potions of curing
 x - 2 potions of lignification
 z - 4 potions of cancellation
 F - 5 potions of flight
 H - a potion of brilliance
 K - 3 potions of might
 P - a potion of magic {unknown}
 Q - 2 potions of agility
Books
 g - a book of Air

   Spells                             Type                      Level
   a - Shock                          Conjuration/Air              1
   b - Swiftness                      Charms/Air                   2
   c - Static Discharge               Conjuration/Air              3
   d - Airstrike                      Air                          4
   e - Lightning Bolt                 Conjuration/Air              5
Miscellaneous
 J - a phial of floods
Comestibles
 f - 18 bread rations
 E - 10 royal jellies
 O - 9 fruits


   Skills:
 * Level 15.8 Fighting
   Level 7.3 Long Blades
 + Level 17.9 Maces & Flails
 + Level 1.7 Throwing
 + Level 12.4 Armour
 + Level 5.9 Dodging
 + Level 7.8 Stealth
 - Level 15.1 Shields
 + Level 1.2 Evocations


You had 14 spell levels left.
You knew the following spells:

 Your Spells              Type           Power        Failure   Level  Hunger
a - Summon Guardian Gole  Hex/Summ       #.......     100%        3    ####...


Dungeon Overview and Level Annotations

Branches:
Dungeon (15/15)            Temple (1/1) D:4            Lair (6/6) D:8
 Shoals (1/4) Lair:3       Spider (1/4) Lair:3        Slime (0/5) Lair:6
    Orc (2/2) D:11            Elf (3/3) Orc:2        Vaults (0/5) D:14
 Depths (0/5) D:15

Altars:
Ashenzari
Elyvilon
Gozag
Hepliaklqana
Okawaru
Qazlal
Ru
Vehumet
Wu Jian
Zin
The Shining One
Beogh
Jiyva

Shops:
D:5 *   D:7 !   D:8 =?   D:10 [   D:13 *[   D:14 *   Orc:1 !   Orc:2 (%[:*=

Annotations:
D:13 exclusion: 2 orange crystal statues


Innate Abilities, Weirdness & Mutations

You cannot be hasted, slowed, berserked, paralysed or teleported.
You can dig through walls and to a lower floor.
Your four strong arms can wield two-handed weapons with a shield.
You have a pair of large antennae on your head. (SInv)
You are partially covered in molten scales. (AC +2)
You passively map a small area around you.
You occasionally shout uncontrollably at your foes.
You are weak. (Str -2)
Your spells are a little harder to cast, but a little more powerful.


Message History

The deep elf annihilator is distracted by your gold.
You closely miss the deep elf sorcerer.
The deep elf annihilator seems less brilliant.
The deep elf sorcerer hits you with a long sword!
* * * LOW HITPOINT WARNING * * *
You block the deep elf sorcerer's attack.
The deep elf sorcerer is distracted by your gold.
The deep elf sorcerer is no longer distracted by gold.
The deep elf sorcerer is distracted by your gold.
The deep elf sorcerer is no longer distracted by gold.
The deep elf sorcerer points at you and mumbles some strange words.
The bolt of acid hits you! The acid corrodes you!
You are splashed with acid!
The acid burns!
* * * LOW HITPOINT WARNING * * *
The deep elf sorcerer casts a spell at you.
The bolt of acid hits you!
* * * LOW HITPOINT WARNING * * *
You are splashed with acid!
The acid burns!
You die...
Your body crumbles into a pile of gold.

.................................
.................................
≈≈≈≈≈............(...............
≈≈≈≈≈≈≈..........................
#####≈≈≈≈≈≈≈≈≈≈≈≈≈≈≈≈≈≈≈≈≈≈≈≈≈≈≈≈
#...##≈≈≈≈≈≈≈≈≈≈≈≈≈≈≈≈≈≈≈≈≈≈≈≈≈≈≈
.....############################
......'..........................
......'.........@...ee.e...e.....
......#'#########'##########e####
.....##....#..........+...{{.#...
#...##.....'..........#......'...
#++##......#..........#..{...#...
#..#...#################${.######
#..#...# #{###* #..#...# #e{{.#*
'..#...# #.{....# *


You could see a deep elf blademaster and 2 deep elf sorcerers.

Vanquished Creatures
  Rupert (Lair:5)
  Gastronok (D:10)
  A deep elf sorcerer (Elf:3)
  A deep elf elementalist (Elf:3)
  An orc warlord (Orc:2)
  Nessos (Lair:4)
  Azrael (Orc:2)
  Snorg (D:12)
  A deep elf death mage (Elf:1)
  A fire dragon (Lair:6)
  A deep elf high priest (Elf:1)
  6 hydras
  A rakshasa (D:13)
  A vault guard (D:14)
  Harold (Lair:2)
  2 merfolk avatars (Shoals:1)
  A centaur warrior (D:14)
  7 two-headed ogres
  A death knight (D:13)
  A tengu warrior (D:14)
  5 death yaks (Lair:6)
  3 orc high priests (Orc:2)
  The ghost of domi the Basher, a novice MiAK of Lugonu (D:7)
  11 deep elf knights
  A skeletal warrior (D:13)
  2 fire crabs (Lair:6)
  A sea snake (Shoals:1)
  The ghost of cdice the Skirmisher, a novice DsSk of Hepliaklqana (D:8)
  An unseen horror (D:12)
  2 phantasmal warriors
  A necromancer (D:15)
  11 harpies (Shoals:1)
  4 deep elf archers
  4 orc knights
  6 orc sorcerers
  A wolf spider zombie (D:14)
  An ugly thing (D:13)
  5 slime creatures (D:13)
  32 deep elf magi
  3 manticores
  8 fauns (Shoals:1)
  5 merfolk sirens (Shoals:1)
  22 elephants
  A water nymph (Shoals:1)
  7 spiny frogs
  Joseph (D:10)
  Maurice (D:8)
  A centaur zombie (D:10)
  A torpor snail (Lair:3)
  5 komodo dragons
  2 kobold demonologists (D:14)
  A demonic crawler (Lair:3)
  16 rime drakes
  5 merfolk
  4 trolls
  A tengu conjurer (D:14)
  2 jumping spiders
  3 polar bears
  4 hornets (Lair:6)
  Prince Ribbit (D:5)
  11 blink frogs
  2 snapping turtles (Shoals:1)
  4 dream sheep
  13 hippogriffs
  3 air elementals
  A shadow (D:11)
  Sigmund (D:3)
  A redback (shapeshifter) (Elf:2)
  15 spriggans (Lair:6)
  2 tarantellas (Spider:1)
  11 redbacks
  3 wyverns
  2 wraiths
  5 water elementals
  26 yaks
  2 hungry ghosts
  6 steam dragons (Lair:6)
  2 vampire mosquitoes (D:13)
  2 basilisks
  8 fire elementals
  3 wargs
  12 water moccasins
  2 hell hounds
  Duvessa (D:5)
  A soldier ant (D:11)
  11 porcupines
  A floating eye (shapeshifter) (Elf:2)
  39 orc warriors
  A swamp drake (Orc:1)
  4 sky beasts
  8 ice beasts
  7 black bears
  A phantom (D:4)
  4 boggarts (Lair:6)
  41 wolves
  22 ogres
  3 centaurs
  7 crocodiles
  6 big kobolds
  Blork the orc (Orc:1)
  14 bullfrogs
  3 earth elementals (Elf:1)
  Dowan (D:5)
  2 wyvern zombies
  3 scorpions
  18 killer bees
  3 wights (D:13)
  8 howler monkeys
  2 electric eels
  6 crimson imps
  2 bullfrog zombies
  7 hounds
  An iron imp (Orc:1)
  19 orc priests
  Crazy Yiuf (D:7)
  6 jellies
  18 orc wizards
  A centaur skeleton (D:5)
  Ijyb (D:4)
  Natasha (thrice) (D:2)
  6 iguanas
  10 worker ants
  5 hell rats (Lair:3)
  A hound zombie (D:10)
  2 hound skeletons
  A howler monkey zombie (D:11)
  7 river rats (Lair:3)
  15 adders
  An adder (shapeshifter) (Elf:2)
  3 shadow imps
  A white imp (Orc:1)
  7 oozes
  2 adder skeletons
  4 worms
  3 dart slugs
  3 leopard geckos
  94 orcs
  5 bats
  4 giant cockroaches
  5 goblins
  7 hobgoblins
  8 jackals
  8 quokkas
  5 frilled lizards
  25 kobolds
  8 rats
873 creatures vanquished.

Vanquished Creatures (others)
  29 dancing weapons
  A quokka (D:4)
  14 fungi
  2 plants
46 creatures vanquished.

Grand Total: 919 creatures vanquished

Notes
Turn   | Place    | Note
-------+----------+-------------------------------------------
     0 | D:1      | terra52 the Formicid Fighter began the quest for the Orb.
     0 | D:1      | Reached XP level 1. HP: 18/18 MP: 1/1
   335 | D:1      | Reached XP level 2. HP: 23/24 MP: 2/2
   916 | D:2      | Reached XP level 3. HP: 29/29 MP: 3/3
  1110 | D:2      | Reached XP level 4. HP: 27/37 MP: 4/4
  1149 | D:2      | Noticed Natasha
  1151 | D:2      | Gained mutation: Your body sometimes deteriorates upon taking damage. [potion of mutation]
  1151 | D:2      | Gained mutation: You evolve. [potion of mutation]
  1151 | D:2      | Gained mutation: Your mind is acute. (Int +2) [potion of mutation]
  1158 | D:2      | Killed Natasha
  1211 | D:2      | Noticed Natasha
  1219 | D:2      | Killed Natasha
  1219 | D:2      | Reached skill level 1 in Dodging
  1219 | D:2      | Reached XP level 5. HP: 31/42 MP: 5/5
  1435 | D:2      | Gained mutation: Your spells are a little harder to cast, but a little more powerful. [evolution]
  1453 | D:2      | Noticed Natasha
  1460 | D:2      | Killed Natasha
  1483 | D:3      | Noticed Sigmund
  1640 | D:3      | Killed Sigmund
  1640 | D:3      | Reached skill level 5 in Shields
  1640 | D:3      | Reached XP level 6. HP: 47/48 MP: 6/6
  1686 | D:3      | Found a faded altar of an unknown god.
  2207 | D:3      | Gained mutation: Your mind is very acute. (Int +4) [evolution]
  2318 | D:3      | Reached XP level 7. HP: 39/54 MP: 7/7
  2804 | D:4      | Reached skill level 5 in Long Blades
  2945 | D:4      | Found a white marble altar of Elyvilon.
  3136 | D:4      | Found a staircase to the Ecumenical Temple.
  3142 | Temple   | Entered the Ecumenical Temple
  3150 | Temple   | Became a worshipper of Gozag Ym Sagoz the Greedy
  3244 | D:4      | Reached XP level 8. HP: 61/61 MP: 8/8
  3536 | D:4      | Found an ornate altar of the Wu Jian Council.
  3537 | D:4      | Found a stormy altar of Qazlal.
  3602 | D:5      | Entered Level 5 of the Dungeon
  3698 | D:5      | Noticed Prince Ribbit
  3709 | D:5      | Killed Prince Ribbit
  3709 | D:5      | Reached skill level 5 in Armour
  3867 | D:5      | Found Gozag's Platinum Reserve.
  3869 | D:5      | Found an opulent altar of Gozag.
  4001 | D:5      | Reached skill level 5 in Fighting
  4010 | D:5      | Found a shattered altar of Ashenzari.
  4075 | D:5      | Noticed Duvessa
  4075 | D:5      | Noticed Dowan
  4091 | D:5      | Killed Duvessa
  4091 | D:5      | Reached skill level 1 in Stealth
  4104 | D:5      | Killed Dowan
  4230 | D:5      | Reached skill level 1 in Evocations
  4230 | D:5      | Reached XP level 9. HP: 63/68 MP: 9/9
  4250 | D:5      | Noticed Ijyb
  4276 | D:4      | Killed Ijyb
  4662 | D:6      | Got a faintly glowing flail
  4666 | D:6      | Identified the +8 flail "Xaovolub" {protect, MR+ Stlth+} (You found it on level 6 of the Dungeon)
  4785 | D:6      | Reached skill level 1 in Maces & Flails
  5102 | D:6      | Found a hazy altar of Hepliaklqana.
  5279 | D:7      | Found Umiok's Distillery.
  5337 | D:7      | Noticed domi's ghost (novice MiAK)
  5338 | D:7      | Reached skill level 2 in Maces & Flails
  5372 | D:7      | Killed domi's ghost
  5372 | D:7      | Reached skill level 3 in Maces & Flails
  5420 | D:7      | Reached skill level 4 in Maces & Flails
  5420 | D:7      | Reached XP level 10. HP: 74/76 MP: 10/10
  5715 | D:7      | Found a runed door.
  5763 | D:7      | Noticed Crazy Yiuf
  5768 | D:7      | Killed Crazy Yiuf
  5940 | D:8      | Found Gycuggus's Jewellery Boutique.
  5961 | D:8      | Found a staircase to the Lair.
  5961 | D:8      | Noticed an elephant
  5962 | D:8      | Noticed a two-headed ogre
  5977 | D:8      | Killed a two-headed ogre
  5977 | D:8      | Reached skill level 5 in Maces & Flails
  5999 | D:8      | Reached skill level 6 in Maces & Flails
  6006 | D:8      | Killed an elephant
  6117 | D:8      | Noticed cdice's ghost (novice DsSk)
  6129 | D:8      | Noticed Maurice
  6324 | D:8      | Killed cdice's ghost
  6396 | D:8      | Reached skill level 7 in Maces & Flails
  6396 | D:8      | Reached skill level 5 in Stealth
  6456 | D:8      | Killed Maurice
  6456 | D:8      | Reached XP level 11. HP: 80/83 MP: 11/11
  6482 | D:8      | Bought the cursed necklace of Bloodlust {*Rage +Rage MR++ Int-3 Slay+6 *Curse} for 968 gold pieces
  6508 | D:8      | Found an ornate altar of the Wu Jian Council.
  6631 | D:8      | Found Ottuor Cael's Magic Scroll Boutique.
  6645 | D:8      | Bought a scroll of magic mapping for 38 gold pieces
  6670 | Lair:1   | Entered Level 1 of the Lair of Beasts
  6964 | Lair:1   | Gained mutation: You are partially covered in slimy green scales. (AC +2) [evolution]
  7218 | Lair:2   | Noticed Harold
  7230 | Lair:2   | Reached skill level 8 in Maces & Flails
  7244 | Lair:2   | Killed Harold
  7554 | Lair:2   | Reached skill level 9 in Maces & Flails
  8599 | Lair:3   | Reached XP level 12. HP: 82/92 MP: 12/12
  8829 | Lair:3   | Got a faintly humming ring mail
  8847 | Lair:3   | Identified the +2 ring mail of Valour {rN+} (You found it on level 3 of the Lair of Beasts)
  8905 | Lair:3   | Reached skill level 10 in Shields
  8920 | Lair:3   | Reached skill level 10 in Maces & Flails
  9122 | Lair:3   | Found a hole to the Spider Nest.
  9653 | D:9      | Got an encrusted eveningstar
  9654 | D:9      | Identified the +9 eveningstar of Execution {antimagic, Fragile rElec MR- Str+6} (You found it on level 9 of the Dungeon)
  9749 | D:9      | Noticed a two-headed ogre
  9755 | D:9      | Killed a two-headed ogre
 10220 | D:10     | Entered Level 10 of the Dungeon
 10231 | D:10     | Noticed a two-headed ogre
 10242 | D:10     | Killed a two-headed ogre
 10262 | D:10     | Noticed a two-headed ogre
 10264 | D:10     | Reached skill level 11 in Maces & Flails
 10273 | D:10     | Killed a two-headed ogre
 10352 | D:10     | Noticed Joseph
 10364 | D:10     | Killed Joseph
 10365 | D:10     | Reached skill level 5 in Dodging
 10492 | D:10     | Noticed a two-headed ogre
 10496 | D:10     | Killed a two-headed ogre
 10496 | D:10     | Reached XP level 13. HP: 73/101 MP: 4/13
 10600 | D:10     | Noticed Gastronok
 10714 | D:10     | Killed Gastronok
 10714 | D:10     | Reached skill level 12 in Maces & Flails
 10942 | D:10     | Bought a pair of glowing boots for 225 gold pieces
 10947 | D:10     | Identified a +2 pair of boots of running (You bought it in a shop on level 10 of the Dungeon)
 11099 | D:10     | Bought a glowing plate armour for 780 gold pieces
 11118 | D:11     | Gained mutation: You passively map a small area around you. [evolution]
 11304 | D:11     | Found a staircase to the Orcish Mines.
 11313 | D:11     | Found a roughly hewn altar of Beogh.
 11480 | D:11     | Found a sacrificial altar of Ru.
 12189 | Orc:1    | Entered Level 1 of the Orcish Mines
 12189 | Orc:1    | Found Ychithrekk's Distillery.
 12431 | Orc:1    | Reached skill level 13 in Maces & Flails
 12593 | Orc:1    | Noticed Blork the orc
 12599 | Orc:1    | Killed Blork the orc
 12776 | Orc:2    | Entered Level 2 of the Orcish Mines
 12902 | Orc:2    | Noticed an orc warlord
 12903 | Orc:2    | Found Zaocil's General Store.
 13038 | Orc:2    | Killed an orc warlord
 13038 | Orc:2    | Reached skill level 10 in Fighting
 13126 | Orc:2    | Found Liefam's Jewellery Shoppe.
 13462 | Orc:2    | Reached XP level 14. HP: 102/110 MP: 4/14
 13516 | Orc:2    | Found Seel's Book Boutique.
 13521 | Orc:2    | Reached skill level 1 in Throwing
 13585 | Orc:2    | Gained mutation: You do not regenerate when monsters are visible. [a neqoxec]
 13586 | Orc:2    | Gained mutation: Your body often deteriorates upon taking damage. [a neqoxec]
 13587 | Orc:2    | Lost mutation: Your spells are a little harder to cast, but a little more powerful. [a neqoxec]
 13629 | Orc:2    | Found Paestridd's Antique Weapon Shoppe.
 13655 | Orc:2    | Found a staircase to the Elven Halls.
 13733 | Orc:1    | Lost mutation: Your body often deteriorates upon taking damage. [potion of mutation]
 13733 | Orc:1    | Lost mutation: Your mind is very acute. (Int +4) [potion of mutation]
 13733 | Orc:1    | Gained mutation: Scrolls take you a little longer to read. [potion of mutation]
 13733 | Orc:1    | Gained mutation: You are resistant to electric shocks. (rElec) [potion of mutation]
 13734 | Orc:1    | Lost mutation: Your body sometimes deteriorates upon taking damage. [potion of mutation]
 13734 | Orc:1    | Lost mutation: You are partially covered in slimy green scales. (AC +2) [potion of mutation]
 13734 | Orc:1    | Lost mutation: You do not regenerate when monsters are visible. [potion of mutation]
 13734 | Orc:1    | Lost mutation: Your mind is acute. (Int +2) [potion of mutation]
 13734 | Orc:1    | Lost mutation: Scrolls take you a little longer to read. [potion of mutation]
 13734 | Orc:1    | Gained mutation: You are weak. (Str -2) [potion of mutation]
 13734 | Orc:1    | Gained mutation: You are partially covered in molten scales. (AC +2) [potion of mutation]
 13734 | Orc:1    | Gained mutation: You are clumsy. (Dex -2) [potion of mutation]
 13734 | Orc:1    | Gained mutation: Your spells are a little harder to cast, but a little more powerful. [potion of mutation]
 14141 | Orc:2    | Bought a potion of mutation for 128 gold pieces
 14141 | Orc:2    | Lost mutation: You are resistant to electric shocks. (rElec) [potion of mutation]
 14141 | Orc:2    | Lost mutation: Your spells are a little harder to cast, but a little more powerful. [potion of mutation]
 14141 | Orc:2    | Lost mutation: You are clumsy. (Dex -2) [potion of mutation]
 14141 | Orc:2    | Gained mutation: You occasionally shout uncontrollably at your foes. [potion of mutation]
 14141 | Orc:2    | Lost mutation: You evolve. [potion of mutation]
 14141 | Orc:2    | Gained mutation: Your spells are a little harder to cast, but a little more powerful. [potion of mutation]
 14154 | Orc:2    | Found Egoc's Antique Armour Shoppe.
 14166 | Orc:2    | Noticed Azrael
 14166 | Orc:2    | Reached skill level 14 in Maces & Flails
 14548 | Orc:2    | Killed Azrael
 14653 | Orc:2    | Bought a pair of bloodstained boots for 285 gold pieces
 14653 | Orc:2    | Identified the +1 pair of boots of Xiwnia {*Slow rElec Regen+ Int+6} (You bought it in a shop on level 2 of the Orcish Mines)
 14758 | Orc:2    | Bought a transparent morningstar for 306 gold pieces
 14758 | Orc:2    | Identified the +6 morningstar of Baqu {drain, MR+ MP+9 Int+4} (You bought it in a shop on level 2 of the Orcish Mines)
 14811 | Orc:2    | Found Hela Pass's Food Emporium.
 14987 | Elf:1    | Entered Level 1 of the Elven Halls
 16059 | Elf:1    | Reached skill level 15 in Maces & Flails
 16284 | Elf:1    | Reached XP level 15. HP: 97/119 MP: 5/15
 16639 | Elf:1    | Learned a level 3 spell: Summon Guardian Golem
 17543 | D:12     | Noticed Snorg
 17555 | D:12     | Killed Snorg
 18336 | D:13     | Reached skill level 10 in Armour
 18371 | D:13     | Bought a pair of ichor-stained boots for 294 gold pieces
 18371 | D:13     | Bought a shiny shield for 232 gold pieces
 18374 | D:13     | Identified the cursed -2 pair of boots "Qakior" {rPois rN++ Regen+ MP+9} (You bought it in a shop on level 13 of the Dungeon)
 18711 | D:13     | Bought a pair of transparent boots for 313 gold pieces
 18711 | D:13     | Identified the +3 pair of boots of Impatience {rElec} (You bought it in a shop on level 13 of the Dungeon)
 19227 | Lair:3   | Found a staircase to the Shoals.
 19587 | Shoals:1 | Entered Level 1 of the Shoals
 20020 | Shoals:1 | Reached skill level 16 in Maces & Flails
 20265 | Shoals:1 | Reached XP level 16. HP: 100/129 MP: 5/16
 20696 | Shoals:1 | Noticed a kraken
 21068 | D:8      | Bought a scroll of acquirement for 572 gold pieces
 21107 | D:8      | Bought an uncursed ring of poison resistance for 280 gold pieces
 21236 | Spider:1 | Entered Level 1 of the Spider Nest
 21851 | Lair:4   | Got a pair of dazzling gloves
 21862 | Lair:4   | Identified the +1 pair of gloves of Renusti {rC++ Stlth+} (You found it on level 4 of the Lair of Beasts)
 21937 | Lair:4   | Noticed Nessos
 21948 | Lair:4   | Killed Nessos
 22927 | Lair:5   | Noticed Rupert
 22939 | Lair:5   | Killed Rupert
 23869 | Lair:6   | Entered Level 6 of the Lair of Beasts
 24160 | Lair:6   | Reached skill level 15 in Shields
 24305 | Lair:6   | Reached XP level 17. HP: 128/137 MP: 5/17
 24311 | Lair:6   | Reached skill level 17 in Maces & Flails
 24661 | Lair:6   | Identified the +1 chain mail "Onusove" {*Drain rPois rC+++ MP+9} (You found it on level 6 of the Lair of Beasts)
 24783 | Lair:6   | Found a viscous altar of Jiyva.
 24783 | Lair:6   | Found a staircase to the Slime Pits.
 25021 | Lair:6   | Identified the Almanac of Poisonous Creation
 25414 | D:14     | Bought a jewelled plate armour for 728 gold pieces
 25414 | D:14     | Bought a clouded silver ring for 130 gold pieces
 25414 | D:14     | Identified the cursed +0 plate armour "Aworec" {rElec rCorr Int+4} (You bought it in a shop on level 14 of the Dungeon)
 25415 | D:14     | Identified the ring of Miseaty {Dex+2 SInv} (You bought it in a shop on level 14 of the Dungeon)
 25795 | D:14     | Found a roughly hewn altar of Beogh.
 25900 | D:14     | Found a gate to the Vaults.
 26526 | D:15     | Entered Level 15 of the Dungeon
 26526 | D:15     | Found a staircase to the Depths.
 26998 | Elf:2    | Found a radiant altar of Vehumet.
 27256 | Elf:2    | Found a runed gate.
 27258 | Elf:2    | Found a runed gate.
 27259 | Elf:2    | Found a runed gate.
 27383 | Elf:2    | Reached skill level 15 in Fighting
 27708 | Elf:2    | Reached XP level 18. HP: 137/149 MP: 6/18
 27876 | Elf:3    | Entered Level 3 of the Elven Halls
 28405 | Elf:3    | Noticed a deep elf blademaster
 28406 | Elf:3    | Noticed a deep elf master archer
 28424 | Elf:3    | Splashed by a deep elf sorcerer's acid

Vault maps used:
D:1:      minmay_arrival_four_circles, minivault_19
D:2:      uniq_natasha
D:3:      chequers_ecumenical_altar_twisty, uniq_sigmund
D:4:      minitemple, temple_green, elyvilon_altar_4
D:5:      old_standard_altar, first_bread, nicolae_gozag_zags_fifth_avenue,
          uniq_duvessa, uniq_prince_ribbit1, uniq_ijyb
D:6:      lemuel_crystal_altar
D:7:      serial_shops, nicolae_shop_behind_doors, uniq_crazy_yiuf_cottage
D:8:      david_lair_generic, basic_altar, serial_shops, shop_fountains, shop,
          uniq_maurice
D:9:      hangedman_little_slice_of_home
D:10:     uniq_gastronok, uniq_joseph
D:11:     david_orc_5, basic_altar
D:12:     uniq_snorg
D:13:     david_greed
D:14:     david_vaults_5, special_room, minmay_holes
D:15:     gammafunk_depths_entry_grave, nicolae_ru_awakened_eye,
          lightli_corner_chamber
Temple:   regret_index_temple_mists
Lair:2:   patterned_corridor, grunt_megastairs_1, uniq_harold
Lair:3:   elwin_shoals_entry_rooms, spider_nest_entry_webs,
          kennysheep_abandoned_house
Lair:4:   grunt_megastairs_3, uniq_nessos
Lair:5:   lemuel_fruit_fields, lemuel_fruit_fields, uniq_rupert
Lair:6:   minmay_lair_end_enchanted_forest, dpeg_slime_entry_enclosed_altar,
          grunt_forest_small_clearings, bobbens_dragon_lair_wall
Orc:1:    serial_shops, shop, hangedman_minor_magic
Orc:2:    grunt_orc_gardens, grunt_orc_garden, grunt_orc_garden,
          grunt_orc_garden, grunt_orc_garden, special_room, serial_shops, shop,
          shop, uniq_azrael
Elf:1:    minivault_28
Elf:2:    basic_altar
Elf:3:    minmay_elf_hall_quartered_circle

Skill      XL: |  1  2  3  4  5  6  7  8  9 10 11 12 13 14 15 16 17 |
---------------+----------------------------------------------------+-----
Shields        | 4 5 6 7 8 9 10 11 12 13 15 | 15.1
Long Blades    | 3 4 5 6 7 |  7.3
Dodging        | 1 2 3 5 |  5.9
Armour         | 4 5 6 7 8 9 10 11 12 | 12.4
Fighting       | 4 5 6 7 9 10 11 12 13 15 | 15.8
Stealth        | 2 4 5 6 7 |  7.8
Evocations     | 1 |  1.2
Maces & Flails | 4 7 9 11 13 15 16 17 | 17.9
Throwing       | 1 |  1.7

Action                   |  1- 3 |  4- 6 |  7- 9 | 10-12 | 13-15 | 16-18 || total
-------------------------+-------+-------+-------+-------+-------+-------++-------
Melee: Long sword        |    82 |   101 |   180 |       |       |       ||   363
       Flail             |       |       |    87 |   371 |       |       ||   458
       Eveningstar       |       |       |       |   120 |   917 |   831 ||  1868
Throw: Tomahawk          |       |       |     3 |     1 |    14 |       ||    18
Invok: Call Merchant     |       |       |       |       |     3 |     1 ||     4
 Abil: Dig               |       |     1 |     1 |     1 |     5 |     3 ||    11
Evoke: Wand              |       |       |    10 |       |       |       ||    10
  Use: Potion            |       |     6 |       |     2 |     6 |       ||    14
       Scroll            |       |       |     7 |     1 |    11 |    12 ||    31
 Stab: Paralysed         |       |       |    16 |       |       |       ||    16
       Sleeping          |       |       |     2 |    11 |       |       ||    13
       Distracted        |       |       |       |     2 |     9 |     9 ||    20
  Eat: Chunk             |     1 |     4 |     3 |       |       |       ||     8
       Royal jelly       |       |       |     3 |       |     1 |     1 ||     5
       Meat ration       |       |       |       |     3 |     2 |     5 ||    10
       Fruit             |       |       |       |     7 |    19 |     2 ||    28
Armor: Scale mail        |    46 |    34 |    94 |    44 |       |       ||   218
       Skin              |       |    11 |       |     1 |       |       ||    12
       Ring mail         |       |       |       |   122 |       |       ||   122
       Plate armour      |       |       |       |       |   282 |   405 ||   687
Dodge: Dodged            |    31 |    46 |    86 |   209 |   195 |   242 ||   809
Block: Shield            |    54 |    57 |   161 |   285 |   534 |   639 ||  1730
       Rpst.: Long sword |    10 |    16 |    16 |       |       |       ||    42
